 Dungeon Crawl Stone Soup version 0.19.4-8-ga85b6b9 (webtiles) character file.

953 Gargoyl the Covered (level 8, -1/67 (68) HPs)
             Began as a Ghoul Abyssal Knight on Feb 11, 2017.
             Was a Priest of Lugonu.
             Killed from afar by an orc wizard (8 damage)
             ... with a magic dart
             ... on level 5 of the Dungeon.
             The game lasted 00:11:47 (4365 turns).

Gargoyl the Covered (Ghoul Abyssal Knight)          Turns: 4365, Time: 00:11:48

HP:   -1/67 (68)    AC: 15    Str: 15 (16) XL:     8   Next: 14%
MP:   10/10         EV:  5    Int:  7      God:    Lugonu [***...]
Gold: 269           SH:  0    Dex: 10      Spells: 0 memorised, 7 levels left

rFire  . . .     SeeInvis .     i - +0 war axe
rCold  + . .     Gourm    .     b - +0 plate armour
rNeg   + + +     Faith    .     (no shield)
rPois  ∞         Spirit   .     e - +2 helmet
rElec  .         Reflect  .     (no cloak)
rCorr  .         Harm     .     (no gloves)
MR     .....                    (no boots)
Stlth  ..........               (no amulet)
                                (no ring)
                                (no ring)

@: rotting
A: rotting body, claws 1, carnivore 3, cold resistance 1, negative energy
resistance 3, slow regeneration 1, torment resistance, unbreathing
a: Depart the Abyss, Bend Space, Banish, Renounce Religion


You were on level 5 of the Dungeon.
You worshipped Lugonu.
Lugonu was most pleased with you.
You were not hungry.

You visited 1 branch of the dungeon, and saw 5 of its levels.
You visited the Abyss 1 time.

You collected 269 gold pieces.

Inventory:

Hand Weapons
 a - a +1 hand axe
 i - a +0 war axe (weapon)
Armour
 b - a +0 plate armour (worn)
 e - a +2 helmet (worn)
Wands
 d - a wand of flame (22/48)
Scrolls
 g - 2 scrolls of identify
 k - a scroll of teleportation
 o - a scroll of magic mapping {unknown}
Potions
 m - 2 potions of flight
 n - 2 potions of magic
Comestibles
 c - 2 meat rations
 j - a royal jelly


   Skills:
 + Level 5.1 Fighting
 + Level 4.7 Axes
 * Level 5.2 Armour
 + Level 1.6 Dodging
 * Level 4.2 Invocations


You had 7 spell levels left.
You didn't know any spells.

Dungeon Overview and Level Annotations

Branches:
Dungeon (5/15)             Temple (0/1) D:4

Altars:
Xom

Annotations:
D:3 Pikel


Innate Abilities, Weirdness & Mutations

Your body is rotting away.
You thrive on raw meat.
You are immune to poison.
You have sharp fingernails.
You are carnivorous and can eat meat at any time.
Your flesh is cold resistant. (rC+)
You are immune to negative energy. (rN+++)
You regenerate slowly when monsters are visible.
You are immune to unholy pain and torment.
You can survive without breathing.


Message History

You hit the bullfrog zombie but do no damage.
You miss something. You completely miss something.
The bullfrog zombie barely misses you.
You hear some strange, mumbled words.
A puff of flame appears from out of thin air!
The puff of flame hits you! Something hits you but does no damage.
The bullfrog zombie hits you but does no damage.
The orc wizard points at you and mumbles some strange words.
The magic dart hits something.
An ogre comes into view. It is wielding a giant club.
The ogre shouts!
The bullfrog zombie hits you but does no damage.
Unknown command.
You miss something. You completely miss something.
You barely miss the bullfrog zombie.
You feel less confused.
You hear some strange, mumbled words.
A magic dart appears from out of thin air!
The magic dart hits you!
You die...

# ... ..#############
....
........#.....###....
...............#....
.................$!
.......@........#
......{Z{....O..#
.......o........##
..$..............#
...............#.....
.!#...........## #...
#..<.>..[..#####.. ..
...>............# ...
..#######.####### ...


You could see an ogre, an orc wizard and a bullfrog zombie.

Vanquished Creatures
  Sigmund (D:3)
  Edmund (D:4)
  2 ice beasts (D:5)
  3 slaves
  A jelly (D:5)
  2 orc priests
  A bullfrog skeleton (D:5)
  2 orc wizards
  2 worker ants (D:4)
  Natasha (thrice) (D:4)
  A hound zombie (D:5)
  A hound skeleton (D:3)
  A gnoll (D:3)
  4 adders
  2 worms
  2 dart slugs (D:1)
  3 leopard geckos
  7 orcs
  A ball python (D:3)
  9 giant cockroaches
  5 goblins
  2 hobgoblins
  9 jackals
  10 kobolds
  6 quokkas
  8 bats
  3 frilled lizards
  25 rats
117 creatures vanquished.

Vanquished Creatures (others)
  A crimson imp (D:5)
1 creature vanquished.

Grand Total: 118 creatures vanquished

Notes
Turn   | Place    | Note
-------+----------+-------------------------------------------
     0 | Abyss:1  | Gargoyl the Ghoul Abyssal Knight began the quest for the Orb.
     0 | Abyss:1  | Reached XP level 1. HP: 19/19 MP: 1/1
    97 | Abyss:1  | Noticed a starcursed mass
    98 | Abyss:1  | Noticed a smoke demon
    98 | D:1      | Escaped the Abyss
   121 | D:1      | Reached XP level 2. HP: 17/26 MP: 2/2
   171 | D:1      | Reached skill level 1 in Dodging
   416 | D:1      | Reached * piety under Lugonu
   677 | D:2      | Reached XP level 3. HP: 32/32 MP: 3/3
  1266 | D:2      | Found a shimmering altar of Xom.
  1828 | D:3      | Reached XP level 4. HP: 35/40 MP: 4/4
  1906 | D:3      | Reached ** piety under Lugonu
  1943 | D:3      | Noticed Sigmund
  1974 | D:3      | Killed Sigmund
  1974 | D:3      | Reached XP level 5. HP: 28/46 MP: 4/6
  1974 | D:3      | Reached XP level 6. HP: 31/52 MP: 4/7
  2563 | D:4      | Noticed Natasha
  2585 | D:4      | Killed Natasha
  2654 | D:4      | Noticed a slave
  2654 | D:4      | Noticed a slave
  2655 | D:4      | Noticed a slave
  2655 | D:4      | Noticed Pikel
  2655 | D:4      | Noticed a slave
  2678 | D:3      | Killed a slave
  2714 | D:3      | Killed a slave
  3239 | D:4      | Noticed Natasha
  3250 | D:4      | Killed Natasha
  3457 | D:4      | Found a staircase to the Ecumenical Temple.
  3529 | D:4      | Noticed Edmund
  3550 | D:4      | Noticed Natasha
  3558 | D:4      | Killed Edmund
  3558 | D:4      | Reached XP level 7. HP: 24/60 MP: 8/8
  3570 | D:4      | Killed Natasha
  4035 | D:5      | Entered Level 5 of the Dungeon
  4047 | D:5      | Reached *** piety under Lugonu
  4195 | D:5      | Reached skill level 5 in Fighting
  4339 | D:5      | Reached skill level 5 in Armour
  4339 | D:5      | Reached XP level 8. HP: 26/67 MP: 10/10
  4365 | D:5      | Killed from afar by an orc wizard

Skill      XL: |  1  2  3  4  5  6  7 |
---------------+----------------------+-----
Armour         | 2 3 4 5 |  5.2
Dodging        | 1 |  1.6
Axes           | 2 3 4 |  4.7
Fighting       | 4 5 |  5.1
Invocations    | 3 4 |  4.2

Action                   |  1- 3 |  4- 6 |  7- 9 || total
-------------------------+-------+-------+-------++-------
Melee: Hand axe          |   165 |   115 |       ||   280
       War axe           |       |   182 |   171 ||   353
Invok: Depart the Abyss  |     1 |       |       ||     1
       Banish            |       |       |     1 ||     1
  Use: Scroll            |     4 |     1 |       ||     5
       Potion            |       |     7 |     2 ||     9
  Eat: Chunk             |    20 |    26 |    23 ||    69
Armor: Leather armour    |    70 |       |       ||    70
       Plate armour      |    11 |   323 |   232 ||   566
       Ring mail         |    10 |       |       ||    10
Dodge: Dodged            |   106 |    79 |    48 ||   233
